AoeStats
← SPPG_Aruba

Black Forest

510053462Analyzed
4v4 RM · 3d ago on Sep 29, 2026· 47m 56s· 8 players
Game mode
Random Map
Map size
Large (8 player)
Population
200
Speed
Normal
Resources
Standard
Victory
Conquest
Starting age
Dark Age
Ending age
Imperial Age
RankedLock teamsTeams togetherTeam positionsShared explorationLock speedFull tech treeHidden civsTurbo modeCheats
Victory
Defeat
🇹🇭 Magyars · Thailand
1229
+15
🇫🇷 Italians · France
1198
+17
🇦🇺 Burgundians · Australia
1186
+17
🇵🇱 Bulgarians · Poland
1142
+19
🇮🇩 Mongols · Indonesia
1441
-25
🇮🇩 Koreans · Indonesia
1323
-21
🇮🇩 Persians · Indonesia
1213
-17
🇮🇩 Maya · Indonesia
878
-5
Bread
7:04 Double-Bit Axe
8:34 Wheelbarrow
11:18 Feudal Age
10:16 Horse Collar
13:22 Bow Saw
14:25 Bow Saw
16:33 Castle Age
15:36 Bow Saw
16:41 Heavy Plow
23:43 Gold Mining
24:14 Forging
24:10 Scale Barding Armor
26:00 Iron Casting
25:47 Chain Barding Armor
25:46 Hand Cart
26:51 Fletching
27:06 Husbandry
27:58 Gold Shaft Mining
26:54 Cavalier
28:19 Crop Rotation
28:53 Two-Man Saw
27:49 Stone Mining
27:56 Bodkin Arrow
29:20 Loom
29:21 Town Watch
29:55 Burgundian Vineyards
34:59 Imperial Age
32:34 Town Patrol
35:05 Paladin
36:07 Ballistics
36:49 Chemistry
36:28 Plate Barding Armor
36:53 Blast Furnace
35:55 Bracer
37:35 Conscription
38:41 Padded Archer Armor
39:04 Ballistics
38:20 Elite Skirmisher
41:00 Masonry
42:52 Pikeman
43:34 Squires
43:19 Arson
44:50 Scale Mail Armor
45:06 Leather Archer Armor
kittel
11:06 Feudal Age
9:23 Loom
17:18 Castle Age
15:09 Horse Collar
16:56 Double-Bit Axe
19:06 Stone Mining
19:30 Bow Saw
19:51 Caravan
28:41 Imperial Age
27:07 Wheelbarrow
26:38 Heavy Plow
27:35 Silk Road
27:14 Gold Mining
28:10 Ballistics
28:48 Padded Archer Armor
28:39 Fletching
29:03 Masonry
30:51 Bodkin Arrow
31:16 Squires
31:55 Bracer
32:07 Forging
31:58 Scale Mail Armor
33:06 Hand Cart
33:56 Iron Casting
33:37 Chain Mail Armor
33:37 Leather Archer Armor
34:41 Conscription
36:01 Blast Furnace
36:43 Chemistry
36:14 Architecture
38:26 Plate Mail Armor
38:53 Elite Genoese Crossbowman
46:09 Bombard Tower
47:31 Arson
48:45 Crop Rotation
.ebz
0:49 Loom
10:46 Feudal Age
12:33 Town Watch
12:53 Scale Mail Armor
13:04 Forging
14:59 Double-Bit Axe
22:17 Castle Age
22:33 Wheelbarrow
24:05 Fletching
28:42 Murder Holes
31:59 Horse Collar
33:01 Hand Cart
33:17 Stone Mining
40:11 Imperial Age
39:01 Squires
39:15 Forging
40:42 Gambesons
40:39 Pikeman
kirtokhan123
12:45 Feudal Age
14:09 Double-Bit Axe
16:40 Castle Age
15:39 Loom
17:45 Bow Saw
21:40 Horse Collar
24:36 Wheelbarrow
25:36 Corvinian Army
27:56 Heavy Plow
28:20 Fletching
29:14 Bodkin Arrow
29:25 Scale Barding Armor
29:18 Murder Holes
32:23 Imperial Age
31:13 Hand Cart
30:43 Town Watch
31:39 Bloodlines
31:37 Husbandry
32:18 Ballistics
31:56 Gold Mining
32:12 Stone Mining
33:36 Chain Barding Armor
34:01 Conscription
33:36 Elite Magyar Huszar
35:40 Chemistry
35:36 Crop Rotation
36:41 Plate Barding Armor
39:23 Siege Engineers
38:59 Treadmill Crane
42:16 Caravan
49:04 Hoardings
SPPG_Aruba
0:27 Loom
11:22 Feudal Age
15:28 Castle Age
14:12 Double-Bit Axe
21:39 Bow Saw
23:33 Wheelbarrow
24:03 Horse Collar
25:48 Hand Cart
25:35 Gold Mining
25:36 Stone Mining
28:55 Imperial Age
26:29 Fletching
27:29 Hand Cart
27:16 Scale Mail Armor
27:27 Forging
27:41 Bodkin Arrow
28:00 Masonry
28:38 Fortified Wall
29:07 Chain Mail Armor
28:52 Pikeman
30:44 Chemistry
30:50 Bracer
31:06 Halberdier
31:36 Arrowslits
33:59 Elite Skirmisher
35:25 Conscription
37:01 Two-Man Saw
36:38 Architecture
37:07 Plate Mail Armor
37:12 Iron Casting
36:43 Eupseong
38:18 Siege Engineers
38:34 Ballistics
41:47 Crossbowman
42:32 Thumb Ring
42:27 Crossbowman
43:19 Arbalester
TempYuraa
10:43 Feudal Age
11:16 Double-Bit Axe
14:12 Castle Age
12:20 Horse Collar
15:19 Bow Saw
18:56 Loom
22:17 Heavy Plow
24:54 Wheelbarrow
28:39 Gold Mining
29:03 Forging
28:58 Scale Barding Armor
32:19 Imperial Age
31:13 Iron Casting
31:01 Chain Barding Armor
31:13 Hand Cart
31:02 Town Watch
31:55 Gold Shaft Mining
31:11 Stone Mining
31:36 Scale Mail Armor
31:28 Fletching
31:26 Man-at-Arms
32:19 Arson
32:34 Squires
31:55 Pikeman
34:40 Blast Furnace
33:55 Chain Mail Armor
34:02 Conscription
33:25 Elite War Elephant
34:06 Halberdier
35:50 Plate Mail Armor
35:55 Plate Barding Armor
36:46 Two-Man Saw
36:26 Coinage
35:57 Caravan
37:45 Banking
37:40 Bodkin Arrow
39:06 Crop Rotation
39:32 Long Swordsman
41:04 Guilds
GibranRakatiwing
0:40 Loom
12:22 Feudal Age
13:45 Wheelbarrow
13:01 Double-Bit Axe
13:11 Gold Mining
13:51 Horse Collar
14:09 Stone Mining
21:41 Castle Age
22:22 Heavy Plow
22:47 Bow Saw
22:29 Fletching
22:57 Padded Archer Armor
23:33 Bodkin Arrow
23:15 Crossbowman
24:01 Thumb Ring
26:49 Stone Shaft Mining
26:33 Treadmill Crane
26:46 Heated Shot
27:31 Leather Archer Armor
27:50 Ballistics
34:10 Imperial Age
33:57 Hand Cart
34:26 Arbalester
36:09 Chemistry
36:14 Bracer
36:55 Elite Skirmisher
37:33 Guard Tower
39:42 Crop Rotation
40:19 Two-Man Saw
39:53 Ring Archer Armor
39:56 Conscription
45:26 Keep
45:03 Masonry
46:52 Pikeman
47:33 Squires
47:47 Forging
47:38 Scale Mail Armor
Adm_416
0:42 Loom
11:46 Feudal Age
13:30 Double-Bit Axe
20:00 Castle Age
21:56 Horse Collar
33:27 Fletching
36:13 Wheelbarrow
37:32 Bodkin Arrow
40:51 Imperial Age
38:34 Husbandry
39:18 Bloodlines
38:29 Light Cavalry
39:52 Forging
39:48 Scale Barding Armor
41:37 Thumb Ring
42:54 Iron Casting
43:40 Conscription
45:25 Gold Mining
46:02 Bracer
46:03 Padded Archer Armor
46:46 Ballistics
47:28 Chemistry
Connection lost

Rejoining the realm…

Still unreachable

The connection could not be restored.

Session expired

The server has moved on; the page needs a fresh start.